 Dungeon Crawl Stone Soup version 0.28.0-56-g4927b6849a (webtiles) character file.

Game seed: 14311907117509672852

746 AarnesTheHuman the Skirmisher (level 7, -4/63 HPs)
             Began as a Hill Orc Fighter on Feb 3, 2023.
             Killed from afar by a steam dragon (15 damage)
             ... with a ball of steam
             ... on level 4 of the Dungeon.
             The game lasted 00:07:32 (4864 turns).

AarnesTheHuman the Skirmisher (Hill Orc Fighter)    Turns: 4864, Time: 00:07:33

Health: -4/63      AC: 10    Str: 21    XL:     7   Next: 77%
Magic:  7/7        EV:  9    Int:  8    God:
Gold:   165        SH: 10    Dex: 10    Spells: 6/6 levels left

rFire   . . .      SeeInvis .   V - +2 dagger (venom)
rCold   . . .      Faith    .   c - +0 buckler
rNeg    . . .      Spirit   .   n - +0 scale mail
rPois   .          Reflect  +   (no helmet)
rElec   .          Harm     .   (no cloak)
rCorr   +          Rampage  .   (no gloves)
Will    .....                   e - +2 pair of boots
Stlth   ..........              s - amulet of reflection
HPRegen 0.20/turn               t - ring of resist corrosion
MPRegen 0.10/turn               (no ring)

@: no status effects
A: no striking features
a: no special abilities


You were on level 4 of the Dungeon.
You visited 1 branch of the dungeon, and saw 5 of its levels.

You collected 165 gold pieces.

Inventory:

Hand Weapons
 a - a +0 war axe
 b - a +0 hunting sling
 i - a +0 dagger
 k - the +7 spear "Ankit" {protect, rCorr Int-2 Dex+4}
   (You found it on level 5 of the Dungeon)

   It grants its wielder temporary protection when it strikes (+7 to AC).
   Int:       It affects your intelligence (-2).
   Dex:       It affects your dexterity (+4).
   rCorr:     It protects you from acid and corrosion.
 o - a +0 dagger of holy wrath
 r - a +1 dagger of draining
 V - a +2 dagger of venom (weapon)
Missiles
 h - 232 stones (quivered)
 v - a throwing net
 x - 3 poisoned darts
Armour
 c - a +0 buckler (worn)
 e - a +2 pair of boots (worn)
 n - a +0 scale mail (worn)
Jewellery
 s - an amulet of reflection (around neck)
 t - a ring of resist corrosion (left hand)
Wands
 m - a wand of charming (5)
Scrolls
 g - a scroll of immolation
 j - 2 scrolls of magic mapping
 l - 3 scrolls of teleportation
 u - a scroll of enchant weapon
Potions
 d - a potion of might
 f - a potion of curing
 p - a potion of attraction {unknown}
 q - 2 potions of mutation


   Skills:
 + Level 6.0 Fighting
 - Level 2.0 Short Blades
 + Level 5.8 Axes
 + Level 5.4 Armour
 + Level 5.3 Shields


You had 6 spell levels left.
You didn't know any spells.
Your spell library was empty.

Dungeon Overview and Level Annotations

Branches:
Dungeon (5/15)
 Temple: D:4-7

Altars:

Shops:
D:3 (   D:4 *![[!   D:5 !

Annotations:
D:4 exclusion: 2 downstairs
D:5 Eustachio


Message History

There is a stone staircase leading down here.
You hit the steam dragon.
The steam dragon looks as sick as possible!
The steam dragon is moderately wounded.
The steam dragon bites you but does no damage.
The steam dragon claws you but does no damage.
You barely miss the steam dragon.
The steam dragon is moderately wounded.
The steam dragon bites you. The steam dragon barely misses you.
You closely miss the steam dragon.
The steam dragon is moderately wounded.
The steam dragon bites you.
The steam dragon claws you but does no damage.
You hit the steam dragon but do no damage.
The steam dragon is moderately wounded.
You block the steam dragon's attack. x2
You barely miss the steam dragon.
The steam dragon is moderately wounded.
The steam dragon breathes steam at you. The ball of steam hits you!
You are engulfed in a cloud of scalding steam.
You block the steam dragon's attack. The steam dragon claws you.
You climb downwards.
Level annotation: Eustachio The gnoll hits you with a +0 flail.
The gnoll hits you with a +0 flail!
There is a stone staircase leading up here.
The gnoll hits you from afar with a +0 halberd!
* * * LOW HITPOINT WARNING * * *
The steam dragon bites you.
* * * LOW HITPOINT WARNING * * *
You block the steam dragon's attack. The gnoll hits you but does no damage.
You climb upwards.
Level annotation: exclusion: 2 downstairs
There is a stone staircase leading down, spattered with blood here.
You hit the steam dragon but do no damage.
The steam dragon looks as sick as possible!
The steam dragon is heavily wounded.
The steam dragon breathes steam at you. The ball of steam hits you!
You die...

#..#.#..........#....#....#
##..##.......^...#.......###
.#...##...................#
.........................##
............###..........#
........#....##....##....#
........##...##....##..###
##...#.#########.g######
##.#### #@D# ### ####


You could see a steam dragon (extremely poisoned, catching breath) and a gnoll.

Vanquished Creatures
  An ogre (D:5)
  A phantom (D:4)
  2 scorpions
  A centaur zombie (D:5)
  2 jellies (D:4)
  A hound (D:3)
  A gnoll shaman (D:4)
  2 iguanas
  A hound zombie (D:5)
  Robin (D:3)
  14 gnolls
  2 adders
  2 adder skeletons
  2 dart slugs
  3 orcs (D:4)
  A bat skeleton (D:2)
  A bat zombie (D:2)
  10 endoplasms
  5 giant cockroaches
  16 goblins
  7 hobgoblins
  A quokka (D:2)
  5 ball pythons
  2 ball python skeletons (D:2)
  3 bats
  4 frilled lizards
  7 kobolds
  4 rats
102 creatures vanquished.

Notes
Turn   | Place    | Note
-------+----------+-------------------------------------------
     0 | D:1      | AarnesTheHuman the Hill Orc Fighter began the quest for the
                  | Orb.
     0 | D:1      | Reached XP level 1. HP: 19/19 MP: 1/1
    32 | D:1      | Found a faded altar of an unknown god.
   162 | D:1      | Reached XP level 2. HP: 27/27 MP: 2/2
   465 | D:1      | Reached skill level 4 in Fighting
   626 | D:1      | Reached XP level 3. HP: 31/33 MP: 3/3
  1810 | D:2      | Reached XP level 4. HP: 11/40 MP: 4/4
  2334 | D:3      | Noticed Robin
  2411 | D:3      | Killed Robin
  2607 | D:3      | Found Kusaeweu's Antique Weapon Shoppe.
  2840 | D:2      | Reached XP level 5. HP: 42/47 MP: 5/5
  3177 | D:4      | Found Eclasop's Armour Shoppe.
  3269 | D:4      | Reached skill level 1 in Short Blades
  3269 | D:4      | Reached XP level 6. HP: 45/55 MP: 6/6
  3380 | D:4      | Reached skill level 5 in Fighting
  3700 | D:4      | Found Ifoe's Antique Armour Boutique.
  3757 | D:4      | Reached skill level 5 in Axes
  3764 | D:4      | Reached XP level 7. HP: 25/61 MP: 7/7
  3975 | D:4      | Reached skill level 5 in Armour
  4073 | D:4      | Found Jaupril's Assorted Antiques.
  4086 | D:4      | Found Amaohiah's Distillery.
  4280 | D:5      | Entered Level 5 of the Dungeon
  4291 | D:5      | Reached skill level 5 in Shields
  4292 | D:5      | Identified the +7 spear "Ankit" {protect, rCorr Int-2
                  | Dex+4}
  4510 | D:5      | Found Safucon's Distillery.
  4712 | D:5      | Noticed Eustachio
  4713 | D:5      | Reached skill level 6 in Fighting
  4822 | D:5      | Noticed a steam dragon
  4864 | D:4      | Killed from afar by a steam dragon

Illustrated notes

Levels and vault maps discovered:
D:1:      onia_arrival_handbag, layout_basic, ebering_ecumenical_altar_petrified
D:2:      layout_basic, serial_undead, serial_undead_d, serial_undead_b,
          serial_undead_d, serial_undead_f
D:3:      layout_basic, serial_shops, shop, uniq_robin
D:4:      layout_cave_pools, serial_shops, nicolae_stop_n_shop_1, shop, shop,
          shop
D:5:      minmay_bubble_buster, layout_layer_cave, mainiacjoe_overflow_catwalk,
          serial_shops, shop, uniq_eustachio, uniq_menkaure

Skill      XL: |  1  2  3  4  5  6  7 |
---------------+----------------------+-----
Axes           | 3 4 5 |  5.8
Fighting       | 4 5 6 |  6.0
Armour         | 4 5 |  5.4
Shields        | 4 5 |  5.3
Short Blades   | 1 2 |  2.0

Action                   |  1- 3 |  4- 6 |  7- 9 || total
-------------------------+-------+-------+-------++-------
Melee: War axe           |   130 |    68 |    33 ||   231
       Dagger            |    10 |    82 |    55 ||   147
 Fire: Hunting sling     |       |     5 |     3 ||     8
Throw: Dart              |       |       |     5 ||     5
  Use: Scroll            |       |     7 |     2 ||     9
       Potion            |       |     1 |       ||     1
Armor: Scale mail        |    79 |    62 |    47 ||   188
Dodge: Dodged            |    59 |    63 |    39 ||   161
Block: Buckler           |    35 |    29 |    59 ||   123
